 Dungeon Crawl Stone Soup version 0.23-a0-650-ga4d50d4 (webtiles) character file.

84 Borgoz the Cudgeler (level 4, -2/27 HPs)
             Began as a Gargoyle Gladiator on Jan 3, 2019.
             Slain by Crazy Yiuf
             ... wielding a +4 quarterstaff of chaos
              (4 damage)
             ... on level 2 of the Dungeon.
             The game lasted 00:02:27 (1796 turns).

Borgoz the Cudgeler (Gargoyle Gladiator)            Turns: 1796, Time: 00:02:27

Health: -2/27      AC: 11    Str: 18    XL:     4   Next: 45%
Magic:  3/4        EV: 13    Int:  8    God:
Gold:   108        SH:  0    Dex: 12    Spells: 3/3 levels left

rFire    . . .     SeeInvis .   a - +0 flail
rCold    . . .     Gourm    .   (no shield)
rNeg     + . .     Faith    .   p - +0 ring mail
rPois    ∞         Spirit   .   c - +0 helmet
rElec    +         Reflect  .   (no cloak)
rCorr    .         Harm     .   (no gloves)
MR       .....                  e - +0 pair of boots
Stlth    +.........             (no amulet)
HPRegen  0.09/turn              m - +1 ring of evasion
MPRegen  0.09/turn              (no ring)

@: flying
A: negative energy resistance 1, electricity resistance, unbreathing,
petrification resistance, rot immunity, AC +3
a: no special abilities


You were on level 2 of the Dungeon.
You were not hungry.

You visited 1 branch of the dungeon, and saw 2 of its levels.

You collected 108 gold pieces.

Inventory:

Hand Weapons
 a - a +0 flail (weapon)
Missiles
 d - 3 throwing nets (quivered)
Armour
 c - a +0 helmet (worn)
 e - a +0 pair of boots (worn)
 p - a +0 ring mail (worn)
Jewellery
 m - a +1 ring of evasion (left hand)
Scrolls
 i - a scroll of immolation {unknown}
 j - 3 scrolls of identify {unknown}
 l - a scroll of blinking {unknown}
 n - a scroll of enchant armour {unknown}
Potions
 h - a potion of haste {unknown}
 k - 2 potions of brilliance {unknown}
Comestibles
 f - 4 rations


   Skills:
 + Level 2.6 Fighting
 * Level 3.6 Maces & Flails
 - Level 1.7 Throwing
 * Level 1.9 Armour
 + Level 2.8 Dodging
 * Level 2.0 Stealth


You had 3 spell levels left.
You didn't know any spells.
Your spell library was empty.

Dungeon Overview and Level Annotations

Branches:
Dungeon (2/15)

Altars:

Annotations:
D:2 Crazy Yiuf


Innate Abilities, Weirdness & Mutations

You are resistant to torment.
Your stone body is resilient. (AC +3)
You are immune to poison.
You resist negative energy. (rN+)
You are resistant to electric shocks. (rElec)
You can survive without breathing.
You are immune to petrification.
You are immune to rotting.


Message History

Crazy Yiuf hits you but does no damage.
You can move again.
It was a potion of flight.
You feel very buoyant.
You fly up into the air.
Crazy Yiuf says, "Orb!"
Crazy Yiuf closely misses you.
It was a potion of curing.
You feel better. Crazy Yiuf barely misses you.
You hit Crazy Yiuf.
Crazy Yiuf is moderately wounded.
Crazy Yiuf barely misses you.
You barely miss Crazy Yiuf.
Crazy Yiuf is moderately wounded.
Crazy Yiuf misses you.
You completely miss Crazy Yiuf.
Crazy Yiuf is moderately wounded.
Crazy Yiuf hits you with a +4 quarterstaff of chaos!
* * * LOW HITPOINT WARNING * * *
Crazy Yiuf freezes you.
You die...

#.#### #.....)...†...##......
#)# ##################...#
#.# ##... #÷# #####
#########... #.# #..)#
#........... #.# #...#
#####.###... #[# ...
#........... #.# #g#
#####.#..[.. #.# ##@#
#.#.#... #.# #.## #.#.###.
#[# ##.# #.#.# #. #.# #.##
#.#.# #. #.# ##.# #.#.###.
#.# #..### #.......
#.######### #....# ###.####
#.........# ##..## ####.# #
#############....#######....#
#


You could see Crazy Yiuf.

Vanquished Creatures
  A gnoll (D:1)
  4 adders (D:2)
  A worm (D:2)
  A leopard gecko (D:1)
  A giant cockroach (D:2)
  4 goblins
  3 hobgoblins (D:2)
  7 jackals (D:2)
  3 bats
  2 frilled lizards (D:2)
  4 kobolds
  3 rats
34 creatures vanquished.

Notes
Turn   | Place    | Note
-------+----------+-------------------------------------------
     0 | D:1      | Borgoz the Gargoyle Gladiator began the quest for the Orb.
     0 | D:1      | Reached XP level 1. HP: 12/12 MP: 1/1
    75 | D:1      | Reached skill level 1 in Armour
    75 | D:1      | Reached XP level 2. HP: 12/18 MP: 2/2
   715 | D:2      | Reached skill level 1 in Stealth
   729 | D:2      | Reached XP level 3. HP: 13/22 MP: 3/3
  1221 | D:2      | Reached XP level 4. HP: 22/27 MP: 4/4
  1413 | D:2      | Found a runed door.
  1781 | D:2      | Noticed Crazy Yiuf
  1785 | D:2      | Paralysed by Crazy Yiuf for 7 turns
  1796 | D:2      | Slain by Crazy Yiuf

Vault maps used:
D:1:      roderic_chinese_lattice_arrival
D:2:      uniq_crazy_yiuf_cottage

Skill      XL: |  1  2  3  4 |
---------------+-------------+-----
Armour         | 1 |  1.9
Stealth        | 1 2 |  2.0
Fighting       | |  2.6
Maces & Flails | |  3.6
Throwing       | |  1.7
Dodging        | |  2.8

Action                   |  1- 3 |  4- 6 || total
-------------------------+-------+-------++-------
Melee: Flail             |    95 |    49 ||   144
  Use: Potion            |       |     2 ||     2
  Eat: Chunk             |     1 |     2 ||     3
Armor: Leather armour    |    51 |       ||    51
       Ring mail         |       |    36 ||    36
Dodge: Dodged            |    89 |    48 ||   137

Table legend:
 A = Non-vault XP
 B = Vault XP
 C = Vault XP percentage of total XP
 D = Non-vault monster count
 E = Vault monster count
 F = Vault count percentage of total count
                 A         B        C        D         E       F
            +---------+---------+-------+---------+---------+-------
      Total |     120 |       0 |   0.0 |      34 |       0 |   0.0
            +---------+---------+-------+---------+---------+-------
        D:1 |      28 |       0 |   0.0 |       9 |       0 |   0.0
        D:2 |      92 |       0 |   0.0 |      25 |       0 |   0.0
            +---------+---------+-------+---------+---------+-------
